 Dungeon Crawl Stone Soup version 0.28.0-53-g5a82cb258f (webtiles) character file.

Game seed: 12515573648707546167

11 Descartes the Scratcher (level 2, 0/12 HPs)
             Began as a Felid Transmuter on July 7, 2022.
             Slain by Natasha (6 damage)
             ... on level 2 of the Dungeon.
             The game lasted 00:00:56 (957 turns).

Descartes the Scratcher (Felid Transmuter)           Turns: 957, Time: 00:00:57

Health: 0/12       AC:  1    Str:  6    XL:     2   Next: 13%
Magic:  5/6        EV: 17    Int: 14    God:
Gold:   16         SH:  0    Dex: 16    Spells: 4/5 levels left
                                        Lives:  0   Deaths: 0

rFire   . . .      SeeInvis +     - Unarmed
rCold   . . .      Faith    .   (shield unavailable)
rNeg    . . .      Spirit   .   (armour unavailable)
rPois   +          Reflect  .   (helmet unavailable)
rElec   .          Harm     .   (cloak unavailable)
rCorr   .          Rampage  .   (gloves unavailable)
Will    .....                   (boots unavailable)
Stlth   ++........              (no amulet)
HPRegen 0.04/turn               b - ring of poison resistance
MPRegen 0.10/turn               (no ring)

@: appendages (expiring), slowed, slow
A: horns 2, very small, claws 1, fangs 3, see invisible, speed 1, shaggy fur 1,
stealthy paws, no weapons or thrown items, no armour, multi-lived
a: End Transformation


You were on level 2 of the Dungeon.
You had temporarily grown beastly horns.
You visited 1 branch of the dungeon, and saw 2 of its levels.

You collected 16 gold pieces.

Inventory:

Jewellery
 b - a ring of poison resistance (left paw)
Scrolls
 a - a scroll of amnesia {unknown}
Potions
 c - 3 potions of mutation {unknown}


   Skills:
 - Level 1.0 Fighting
 + Level 3.0 Dodging
 * Level 1.6 Stealth
 + Level 3.1 Unarmed Combat
 - Level 2.0 Spellcasting
 + Level 2.4 Transmutations


You had 4 spell levels left.
You knew the following spells:

 Your Spells              Type           Power      Damage    Failure   Level
a - Beastly Appendage     Tmut           16%        N/A       9%          1

Your spell library contained the following spells:

 Spells                   Type           Power      Damage    Failure   Level
 Wereblood                Tmut           8%         N/A       14%         2
 Spider Form              Tmut/Pois      4%         N/A       41%         3
 Ice Form                 Ice/Tmut       4%         N/A       82%         4


Dungeon Overview and Level Annotations

Branches:
Dungeon (2/15)

Altars:

Annotations:
D:2 Natasha


Innate Abilities, Weirdness & Mutations

You have temporarily grown beastly horns.
You have sharp claws.
You have razor-sharp teeth.
You have supernaturally acute eyesight. (SInv)
You cover ground quickly. (Speed+)
You are covered in fur. (AC +1)
Your paws help you pounce on unaware monsters.
You are incapable of wielding weapons or throwing items.
You cannot wear armour.
You gain extra lives every three experience levels.


Message History

There is an open door here.
Done exploring.
Done exploring.
Things that are here:
a jackal corpse; a jackal corpse
There is a stone staircase leading down here.
You climb downwards.
Found 3 smoky white potions.
There is a stone staircase leading up here.
Casting: Beastly Appendage (safe; 9% risk of failure)
Confirm with . or Enter, or press ? or * to list all spells.
You grow a pair of large bovine horns.
Your transformation is almost over.
Magic restored.
c - 3 smoky white potions
There is a stone staircase leading up here.
There is a stone staircase leading up here.
Your horns disappear.
Found a chain mail.
Found a stone staircase leading up.
Natasha, Servant of Life and Death comes into view.
Casting: Beastly Appendage (safe; 9% risk of failure)
Confirm with . or Enter, or press ? or * to list all spells.
You grow a pair of large bovine horns.
You pounce on the unaware helpless Natasha!
You claw Natasha!
Natasha is heavily wounded.
Natasha closely misses you.
You scratch Natasha but do no damage. Your bite misses Natasha.
Natasha is heavily wounded.
Your transformation is almost over.
Natasha casts a spell at you.
You feel yourself slow down.
You closely miss Natasha. Your headbutt misses Natasha.
Natasha is heavily wounded.
Natasha claws you.
Ouch! That really hurt!
Natasha claws you.
Ouch! That really hurt!
You die...

#.# #.### .# #.#..
.# #.#.# .# #.#.#
.# #<#.# ####.###
#.#.# #......
#####.#.###.##.#
#............@.#
##.###.#.......h#
##...##.#..##.##.#
##..........##.#
.#
............##.#
..
...........###.#
### ##....##.#.#
#.# .......[..#
#.. ############


You could see Natasha.

Vanquished Creatures
  A bat (D:1)
  A goblin (D:1)
  A hobgoblin (D:1)
  4 jackals (D:1)
  2 ball pythons (D:1)
9 creatures vanquished.

Notes
Turn   | Place    | Note
-------+----------+-------------------------------------------
     0 | D:1      | Descartes the Felid Transmuter began the quest for the Orb.
     0 | D:1      | Reached XP level 1. HP: 9/9 MP: 4/4
   596 | D:1      | Reached skill level 1 in Stealth
   607 | D:1      | Reached XP level 2. HP: 8/12 MP: 6/6
   947 | D:2      | Noticed Natasha
   957 | D:2      | Slain by Natasha

Illustrated notes

Levels and vault maps discovered:
D:1:      scummos_arrival_simple_crosswalls, layout_basic
D:2:      layout_loops_ring, grunt_ministairs_5, st_stairs_2,
          kennysheep_generic_room_8, uniq_natasha

Skill      XL: |  1  2 |
---------------+-------+-----
Stealth        | 1 |  1.6
Dodging        | 3 |  3.0
Fighting       | |  1.0
Unarmed Combat | |  3.1
Spellcasting   | |  2.0
Transmutations | |  2.4

Action                   || total
-------------------------++-------
Melee: Unarmed           ||    26
       Headbutt          ||     2
       Bite              ||     1
 Cast: Beastly Appendage ||     8
 Stab: Distracted        ||     1
       Sleeping          ||     1
Armor: Skin              ||     2
Dodge: Dodged            ||    22
